 Dungeon Crawl Stone Soup version 0.29-a0-11-ga75d3d97ab (webtiles) character file.

Game seed: 3300718336081086970

203877 vineage the Warrior (level 18, -4/131 HPs)
             Began as a Gargoyle Fighter on Jan 28, 2022.
             Was a High Priest of Okawaru.
             Killed from afar by an ironbound thunderhulk (14 damage)
             ... with a bolt of lightning
             ... on level 1 of the Vaults.
             The game lasted 00:51:58 (38469 turns).

vineage the Warrior (Gargoyle Fighter)             Turns: 38469, Time: 00:51:58

Health: -4/131     AC: 43    Str: 36    XL:     18   Next: 63%
Magic:  0/32       EV:  8    Int: 15    God:    Okawaru [*****.]
Gold:   2323       SH: 15    Dex: 20    Spells: 37/37 levels left

rFire   + + +      SeeInvis .   j - +8 eveningstar (protect)
rCold   + + .      Faith    .   c - +3 buckler of Experimentation {rF+ Str+2}
rNeg    + + +      Spirit   +   Y - +1 plate armour of the New World {Drain rElec Str+8 Int+4}
rPois   ∞          Reflect  .   b - +1 hat
rElec   +          Harm     .   M - scarf {rC+ rF+}
rCorr   .          Rampage  .   i - +1 Delatra's gloves {ID++}
Will    ++++.                   s - +0 pair of boots of Valiance {rPois rN++ Will++}
Stlth   ..........              Z - amulet "Bocs" {Spirit Contam rN+ Dex+5}
HPRegen 0.31/turn               r - +6 ring of strength
MPRegen 0.23/turn               W - ring "Hapryrpho" {rC+ Will+}

@: finesse-ful, under a protective aura, flying, studying Dodging
A: sickness immunity, AC +13, big wings, negative energy resistance 1,
electricity resistance, torment resistance 1, petrification resistance, horns 1,
large bone plates 1, fire resistance 1
}: 1/15 runes: barnacled
a: Renounce Religion, Heroism, Finesse, Duel


You were on level 1 of the Vaults.
You worshipped Okawaru.
Okawaru was extremely pleased with you.
You visited 6 branches of the dungeon, and saw 29 of its levels.
You also visited: Trove and Sewer.

You collected 3023 gold pieces.
You spent 700 gold pieces at shops.

Inventory:

Hand Weapons
 j - a +8 eveningstar of protection (weapon)
 C - a +0 trident
Missiles
 A - 2 throwing nets (quivered)
Armour
 b - a +1 hat (worn)
 c - the +3 buckler of Experimentation (worn) {rF+ Str+2}
   (Okawaru gifted it to you on level 12 of the Dungeon)

   Str:       It affects your strength (+2).
   rF:        It protects you from fire.
 i - the +1 Delatra's gloves (worn) {ID++}
   (You found it on level 3 of the Dungeon)

   It heals its wearer when they drink unknown potions.
   It restores its wearer's MP when they read unknown scrolls.
 o - an orb of light
 s - the +0 pair of boots of Valiance (worn) {rPois rN++ Will++}
   (Okawaru gifted it to you on level 2 of the Orcish Mines)

   rPois:     It protects you from poison.
   rN:        It greatly protects you from negative energy.
   Will:      It greatly increases your willpower.
 M - a scarf of resistance (worn)
 X - the +3 Mad Mage's Maulers {Infuse+∞ RegenMP Int-3}
   (You found it in a treasure trove)

   It empowers its wearer's blows with all of their magic.
   It causes its wearer's magical reserves to regenerate more quickly.
   Int:       It affects your intelligence (-3).
 Y - the +1 plate armour of the New World (worn) {Drain rElec Str+8 Int+4}
   (You found it in a treasure trove)

   Str:       It affects your strength (+8).
   Int:       It affects your intelligence (+4).
   rElec:     It insulates you from electricity.
   Drain:     It drains your maximum health when unequipped.
Jewellery
 n - an amulet of regeneration
 r - a +6 ring of strength (left hand)
 u - a ring of protection from cold
 D - a +4 ring of protection
 L - a +6 ring of strength
 P - a +4 ring of protection
 Q - a +4 ring of evasion
 R - a ring of protection from fire
 T - an amulet of guardian spirit
 U - an amulet of faith
 V - the ring "Maivan" {rN+ Int+5}
   (You found it in a treasure trove)

   [ring of positive energy]

   Int:       It affects your intelligence (+5).
   rN:        It protects you from negative energy.
 W - the ring "Hapryrpho" (right hand) {rC+ Will+}
   (You found it in a treasure trove)

   [ring of willpower]

   rC:        It protects you from cold.
   Will:      It increases your willpower.
 Z - the amulet "Bocs" (around neck) {Spirit Contam rN+ Dex+5}
   (You found it on level 3 of the Shoals)

   [amulet of guardian spirit]

   It causes incoming damage to be divided between your reserves of health and
   magic.
   Dex:       It affects your dexterity (+5).
   rN:        It protects you from negative energy.
   Contam:    It causes magical contamination when unequipped.
Wands
 h - a wand of iceblast (5)
 k - a wand of flame (7)
Scrolls
 a - 2 scrolls of magic mapping
 d - 7 scrolls of enchant armour
 g - 9 scrolls of identify
 l - 5 scrolls of amnesia
 p - 6 scrolls of holy word
 q - 3 scrolls of torment
 v - 8 scrolls of teleportation
 y - 4 scrolls of vulnerability
 z - a scroll of summoning
 G - 2 scrolls of fear
 H - a scroll of silence
 N - 5 scrolls of immolation
Potions
 e - 5 potions of flight
 f - 4 potions of mutation
 m - 13 potions of curing
 t - 4 potions of cancellation
 w - 4 potions of lignification
 x - 4 potions of magic
 B - 2 potions of brilliance
 E - a potion of haste
 F - a potion of ambrosia
 I - a potion of berserk rage
 O - 3 potions of attraction
 S - 3 potions of resistance


   Skills:
 * Level 20.6 Fighting
 * Level 18.1 Maces & Flails
 + Level 15.0 Armour
 + Level 11.5 Shields
 - Level 10.4 Spellcasting
 - Level 7.7 Invocations


You had 37 spell levels left.
You didn't know any spells.
Your spell library contained the following spells:

 Spells                   Type           Power      Damage    Failure   Level
 Foxfire                  Conj/Fire      28%        2x1d5     43%         1
 Freeze                   Ice            28%        1d5       43%         1
 Sandblast                Erth           14%        2d6       43%         1
 Blink                    Tloc           14%        N/A       56%         2
 Corpse Rot               Necr/Air       14%        N/A       56%         2
 Passwall                 Tmut/Erth      5%         N/A       56%         2
 Poisonous Vapours        Pois/Air       14%        N/A       56%         2
 Wereblood                Tmut           7%         N/A       56%         2
 Confusing Touch          Hex            7%         N/A       80%         3
 Conjure Flame            Conj/Fire      7%         6-21      80%         3
 Dazzling Flash           Conj/Hex       14%        N/A       80%         3
 Frozen Ramparts          Ice            14%        1d3       80%         3
 Ignite Poison            Fire/Tmut/Pois 7%         N/A       80%         3
 Inner Flame              Hex/Fire       7%         N/A       80%         3
 Mephitic Cloud           Conj/Pois/Air  7%         N/A       80%         3
 Portal Projectile        Hex/Tloc       14%        N/A       80%         3
 Stone Arrow              Conj/Erth      14%        3d7       80%         3
 Vampiric Draining        Necr           7%         2d6       80%         3
 Airstrike                Air            3%         N/A       99%         4
 Cause Fear               Hex            3%         N/A       99%         4
 Flame Wave               Conj/Fire      7%         2d5       99%         4
 Fulminant Prism          Conj/Hex       3%         3d6       99%         4
 Hailstorm                Conj/Ice       7%         3d4       99%         4
 Leda's Liquefaction      Hex/Erth       3%         N/A       99%         4
 Olgreb's Toxic Radiance  Pois           7%         N/A       99%         4
 Agony                    Necr           7%         N/A       100%        5
 Blade Hands              Tmut           3%         N/A       100%        5
 Excruciating Wounds      Necr           3%         N/A       100%        5
 Freezing Cloud           Conj/Ice/Air   3%         6-21      100%        5
 Lee's Rapid Deconstruct  Erth           3%         3d6*      100%        5
 Lightning Bolt           Conj/Air       3%         1d15      100%        5
 Silence                  Hex/Air        3%         N/A       100%        5
 Yara's Violent Unravell  Hex/Tmut       3%         3d4       100%        5
 Conjure Ball Lightning   Conj/Air       3%         3x3d6     100%        6
 Dragon Form              Tmut           3%         N/A       100%        7
 Enfeeble                 Hex            3%         N/A       100%        7
 Ozocubu's Refrigeration  Ice            3%         4d5       100%        7
 Discord                  Hex            3%         N/A       100%        8
 Disjunction              Tloc           3%         N/A       100%        8
 Ignition                 Fire           3%         3d4       100%        8
 Sublimation of Blood     Necr           Unusable   N/A       N/A         2
 Summon Lightning Spire   Summ/Air       Unusable   N/A       N/A         4
 Statue Form              Tmut/Erth      Unusable   N/A       N/A         6
 Spellforged Servitor     Conj/Summ      Unusable   N/A       N/A         7
 Summon Hydra             Summ           Unusable   N/A       N/A         7
 Infestation              Necr           Unusable   N/A       N/A         8
 Dragon's Call            Summ           Unusable   N/A       N/A         9

Dungeon Overview and Level Annotations

Branches:
Dungeon (15/15)            Temple (1/1) D:6            Lair (6/6) D:11
 Shoals (4/4) Lair:4       Spider (0/4) Lair:4        Slime (0/5) Lair:5
    Orc (2/2) D:12            Elf (0/3) Orc:2        Vaults (1/5) D:14
 Depths (0/4) D:15          Sewer (visited)

Altars:
Ashenzari
Cheibriados
Dithmenos
Fedhas
Gozag
Hepliaklqana
Makhleb
Nemelex Xobeh
Okawaru
Qazlal
Ru
Sif Muna
Trog
Vehumet
Wu Jian
Xom
Yredelemnul
Zin
The Shining One

Shops:
D:1 (   D:2 !   D:12 *((!   Orc:1 *   Orc:2 [!(:   Vaults:1 =

Annotations:
Lair:5 exclusion: oklob plant
Vaults:1 exclusion: orange crystal statue


Innate Abilities, Weirdness & Mutations

You are immune to sickness and miasma.
Your stone body is resilient. (AC +13)
You are immune to poison.
Your large and strong wings let you fly.
You resist negative energy. (rN+)
You are resistant to electric shocks. (rElec)
You are resistant to unholy torment.
You are immune to petrification.
You have a pair of small horns on your head.
You are partially covered in large bone plates. (SH +4)
Your flesh is heat resistant. (rF+)


Message History

Electricity crackles from the ironbound thunderhulk's apparatus.
The bolt of lightning misses you.
The orc knight no longer looks unusually strong.
Electricity crackles from the ironbound thunderhulk's apparatus.
The bolt of lightning hits you!! You resist.
* * * LOW HITPOINT WARNING * * *
Electricity crackles from the ironbound thunderhulk's apparatus.
The bolt of lightning hits you! You resist.
* * * LOW HITPOINT WARNING * * *
There is an open door here.
Electricity crackles from the ironbound thunderhulk's apparatus.
The bolt of lightning hits you!! You resist.
* * * LOW HITPOINT WARNING * * *
You feel much better. The orc knight barely misses you.
Electricity crackles from the ironbound thunderhulk's apparatus.
The bolt of lightning hits you! You resist.
* * * LOW HITPOINT WARNING * * *
Okay, then.
You feel better. You block the orc knight's attack.
You barely miss the orc knight. Your headbutt misses the orc knight.
The orc knight is heavily wounded.
The orc knight hits you with a +0 great sword.
* * * LOW HITPOINT WARNING * * *
You sock the orc knight!
Your weapon exudes an aura of protection.
You headbutt the orc knight.
The orc knight is almost dead.
You hit the orc knight.
You headbutt the orc knight, but do no damage.
The orc knight is almost dead.
You hit the orc knight but do no damage.
You headbutt the orc knight.
The orc knight is almost dead.
The orc knight hits you but does no damage.
You impale the orc knight!!
You kill the orc knight!
Okawaru accepts your kill.
Electricity crackles from the ironbound thunderhulk's apparatus.
The bolt of lightning hits you! You resist.
You die...

#.........#.#.#.......
####...#''#...#''#...#
#...#.........#...#
#...#.#..#..#.#...#
#####.........#####
#####################'#####
...........................
......)....................
..........@................
#########)#################
#T.......# #........#
#O..p....# #........#
#....p...# # #......[.# ###
#######)###### ##..


You could see an ironbound thunderhulk and a deep troll.

Vanquished Creatures
  Bai Suzhen (Shoals:3)
  Jorgrun (D:15)
  Polyphemus (Shoals:4)
  Frances (D:13)
  A sphinx (Shoals:4)
  A kraken (Shoals:3)
  Donald (Shoals:3)
  Ilsuiw (Shoals:2)
  2 orc warlords
  2 vault wardens (Vaults:1)
  Louise (D:15)
  3 ironbound preservers (Vaults:1)
  A war gargoyle (Vaults:1)
  An ironbound thunderhulk (Vaults:1)
  Azrael (D:14)
  2 entropy weavers (Vaults:1)
  The ghost of Capogack the Severer, a journeyman MiFi of Hepliaklqana (Lair:5)
  3 dire elephants (Vaults:1)
  3 minotaurs
  7 merfolk impalers
  4 merfolk javelineers
  2 fire dragons (D:15)
  2 yaktaur captains (Vaults:1)
  A great orb of eyes (Vaults:1)
  2 vault guards (Vaults:1)
  6 boulder beetles
  A peacekeeper (Vaults:1)
  14 hydras
  2 ironbound frosthearts (Vaults:1)
  An ogre mage (Orc:2)
  4 catoblepae
  7 centaur warriors
  3 merfolk aquamancers
  12 satyrs
  A merfolk avatar (Shoals:3)
  The ghost of NigelTetley the Carver, a journeyman FoFi of Hepliaklqana (D:10)
  Erica (D:11)
  An anaconda (Lair:4)
  9 two-headed ogres
  11 death yaks
  6 orc high priests (Orc:2)
  2 tengu warriors (D:14)
  Sonja (D:11)
  Nergalle (Lair:1)
  Urug (D:13)
  10 deep trolls (Vaults:1)
  3 ironbound convokers (Vaults:1)
  7 lindwurms
  10 sea snakes
  15 harpies
  A wizard (Vaults:1)
  Pikel (D:6)
  12 orc knights
  3 orc sorcerers
  An oklob plant (Lair:6)
  2 deep elf pyromancers (D:13)
  18 fauns
  16 manticores
  A wolf spider (Lair:4)
  7 cyclopes
  8 ugly things
  17 elephants
  6 black mambas
  6 merfolk sirens
  6 cane toads
  3 vault sentinels (Vaults:1)
  10 water nymphs
  3 gargoyles
  An unseen horror (D:12)
  A torpor snail (Lair:5)
  An efreet (D:15)
  A demonic crawler (Lair:3)
  13 komodo dragons
  2 freezing wraiths
  3 yaktaurs (Vaults:1)
  4 rime drakes
  A tengu conjurer (D:14)
  13 trolls
  36 merfolk
  5 wind drakes
  A polar bear (Lair:5)
  3 meliai (D:15)
  A hornet (D:9)
  5 slime creatures (Vaults:1)
  Prince Ribbit (D:6)
  5 snapping turtles
  6 dream sheep
  12 blink frogs
  A jumping spider (Vaults:1)
  A shadow (D:12)
  52 yaks
  4 culicivoras
  9 water elementals
  A wyvern (Lair:6)
  2 basilisks
  2 fire elementals (D:14)
  16 humans (D:14)
  5 redbacks
  2 wraiths
  10 vampire mosquitoes
  5 wargs
  Edmund (D:6)
  A swamp worm (shapeshifter) (D:15)
  2 swamp worms (Lair:3)
  21 water moccasins
  An acid dragon (D:13)
  3 hell hounds (D:14)
  A water moccasin (shapeshifter) (D:9)
  3 black bears
  A sky beast (D:6)
  An ice beast (D:5)
  32 orc warriors
  A hornet zombie (D:7)
  6 centaurs
  13 ogres
  8 wolves
  2 phantoms
  2 kobold brigands (Sewer)
  3 scorpions
  15 bullfrogs
  A wyvern zombie (D:5)
  3 water moccasin skeletons
  2 troll zombies (D:12)
  14 killer bees (D:8)
  A wight (D:5)
  An electric eel (Lair:2)
  5 howler monkeys
  5 centaur zombies
  A jelly (D:4)
  A bullfrog zombie (D:6)
  3 hounds
  27 orc priests
  An iguana (D:4)
  13 orc wizards
  A killer bee zombie (D:8)
  6 ogre zombies (D:12)
  A hound skeleton (D:5)
  A howler monkey zombie (D:9)
  A howler monkey skeleton (D:7)
  8 adders
  A gnoll (D:1)
  3 river rats (Sewer)
  3 white imps
  An ufetubus (D:6)
  4 dart slugs
  71 orcs
  5 ball pythons
  6 endoplasms
  9 giant cockroaches
  9 goblins
  2 hobgoblins
  7 quokkas
  2 bats (D:1)
  2 frilled lizards
  A goblin skeleton (D:12)
  2 goblin zombies (D:12)
  2 hobgoblin skeletons (D:12)
  3 hobgoblin zombies (D:12)
  10 kobolds
  4 orc skeletons (D:12)
  13 orc zombies (D:12)
  9 rats
904 creatures vanquished.

Vanquished Creatures (others)
  An orc wizard (Orc:1)
  A hound skeleton (D:4)
  19 fungi
  79 plants
  20 tentacles
120 creatures vanquished.

Grand Total: 1024 creatures vanquished

Notes
Turn   | Place    | Note
-------+----------+-------------------------------------------
     0 | D:1      | vineage the Gargoyle Fighter began the quest for the Orb.
     0 | D:1      | Reached XP level 1. HP: 14/14 MP: 1/1
   179 | D:1      | Reached XP level 2. HP: 16/19 MP: 2/2
   528 | D:1      | Found Reidd's Antique Weapon Shoppe.
   530 | D:1      | Found a faded altar of an unknown god.
   901 | D:1      | Reached XP level 3. HP: 20/24 MP: 3/3
  1207 | D:2      | Found Xoly's Distillery.
  1213 | D:2      | Reached skill level 4 in Fighting
  1716 | D:2      | Reached XP level 4. HP: 29/29 MP: 4/4
  2093 | D:3      | Found the +1 Delatra's gloves {ID++}
  2332 | D:3      | Reached XP level 5. HP: 31/34 MP: 5/5
  3044 | D:4      | Found a glowing drain.
  3201 | D:4      | Reached skill level 5 in Fighting
  3214 | Sewer    | Entered a sewer
  3226 | Sewer    | Reached XP level 6. HP: 25/40 MP: 6/6
  3848 | Sewer    | Found a white marble altar of Elyvilon.
  3918 | D:4      | HP: 2/41 [iguana (4)]
  3920 | D:4      | Gained mutation: You have a pair of small horns on your
                  | head. [potion of mutation]
  3920 | D:4      | Gained mutation: You have a pair of horns on your head.
                  | [potion of mutation]
  3920 | D:4      | Gained mutation: You have supernaturally acute eyesight.
                  | (SInv) [potion of mutation]
  3926 | D:4      | Reached XP level 7. HP: 16/45 MP: 7/7
  4014 | D:4      | Identified a scroll of acquirement
  4014 | D:4      | Acquired a +4 eveningstar of protection
  4042 | D:4      | Reached skill level 6 in Fighting
  4292 | D:4      | Reached skill level 5 in Armour
  4292 | D:4      | Reached skill level 5 in Shields
  4818 | D:5      | Entered Level 5 of the Dungeon
  4968 | D:5      | Reached XP level 8. HP: 52/52 MP: 8/8
  5074 | D:5      | Reached skill level 7 in Fighting
  5610 | D:6      | Reached skill level 8 in Fighting
  5610 | D:6      | Reached skill level 5 in Maces & Flails
  5782 | D:6      | Found a sacrificial altar of Ru.
  5884 | D:6      | Reached XP level 9. HP: 60/60 MP: 9/9
  5990 | D:6      | Found a staircase to the Ecumenical Temple.
  6023 | Temple   | Entered the Ecumenical Temple
  6197 | Temple   | Became a worshipper of Warmaster Okawaru
  6262 | D:6      | Noticed Edmund
  6270 | D:6      | Killed Edmund
  6346 | D:6      | Noticed Pikel
  6348 | D:6      | Noticed Prince Ribbit
  6377 | D:6      | Killed Pikel
  6378 | D:6      | Reached skill level 9 in Fighting
  6381 | D:6      | Killed Prince Ribbit
  6381 | D:6      | Reached * piety under Okawaru
  7426 | D:7      | Reached skill level 10 in Fighting
  7438 | D:8      | Reached XP level 10. HP: 60/68 MP: 10/10
  7656 | D:8      | Reached ** piety under Okawaru
  8585 | D:9      | Noticed a manticore
  8841 | D:9      | Noticed a two-headed ogre
  8856 | D:9      | Killed a two-headed ogre
  8856 | D:9      | Reached *** piety under Okawaru
  8857 | D:9      | Reached skill level 11 in Fighting
  8857 | D:9      | Reached skill level 1 in Spellcasting
  8943 | D:9      | Killed a manticore
  9346 | D:9      | Noticed a boulder beetle
  9360 | D:9      | Killed a boulder beetle
  9360 | D:9      | Reached **** piety under Okawaru
  9361 | D:9      | Reached XP level 11. HP: 45/76 MP: 11/14
  9503 | D:9      | Noticed a manticore
  9515 | D:9      | Killed a manticore
 10015 | D:10     | Entered Level 10 of the Dungeon
 10015 | D:10     | Found a large runed translucent door.
 10015 | D:10     | Found a large runed translucent door.
 10017 | D:10     | Noticed NigelTetley's ghost (journeyman FoFi)
 10038 | D:10     | Killed NigelTetley's ghost
 10039 | D:10     | Reached skill level 12 in Fighting
 10344 | D:10     | Noticed a cyclops
 10350 | D:10     | Killed a cyclops
 11235 | D:11     | Noticed a death yak
 11247 | D:11     | Killed a death yak
 11249 | D:11     | Noticed a death yak
 11251 | D:11     | Noticed a death yak
 11252 | D:11     | Noticed a death yak
 11253 | D:11     | Noticed a death yak
 11265 | D:11     | Killed a death yak
 11268 | D:11     | Killed a death yak
 11268 | D:11     | Reached ***** piety under Okawaru
 11274 | D:11     | Killed a death yak
 11277 | D:11     | Killed a death yak
 11277 | D:11     | Received a gift from Okawaru
 11278 | D:11     | Reached skill level 10 in Maces & Flails
 11583 | D:11     | Found a staircase to the Lair.
 11617 | D:11     | Noticed a two-headed ogre
 11623 | D:11     | Killed a two-headed ogre
 11624 | D:11     | Reached skill level 13 in Fighting
 11660 | D:11     | Reached XP level 12. HP: 61/84 MP: 18/18
 11937 | D:11     | Noticed Erica
 11944 | D:11     | Killed Erica
 12002 | D:11     | Noticed Sonja
 12005 | D:11     | Killed Sonja
 12102 | D:11     | Noticed a four-headed hydra
 12109 | D:11     | Killed a four-headed hydra
 12361 | Lair:1   | Entered Level 1 of the Lair of Beasts
 12665 | Lair:1   | Reached skill level 10 in Armour
 12886 | Lair:1   | Noticed an eight-headed hydra
 12892 | Lair:1   | Killed an eight-headed hydra
 12893 | Lair:1   | Reached skill level 5 in Spellcasting
 13306 | Lair:1   | Noticed Nergalle
 13354 | Lair:1   | Reached skill level 14 in Fighting
 13368 | Lair:1   | Reached ****** piety under Okawaru
 13370 | Lair:1   | Killed Nergalle
 14170 | Lair:2   | Reached XP level 13. HP: 83/91 MP: 21/21
 15005 | Lair:2   | Lost mutation: You have a pair of horns on your head.
                  | [potion of mutation]
 15005 | Lair:2   | Lost mutation: You have supernaturally acute eyesight.
                  | (SInv) [potion of mutation]
 15005 | Lair:2   | Gained mutation: Your flesh is heat resistant. (rF+)
                  | [potion of mutation]
 15005 | Lair:2   | Gained mutation: You are partially covered in large bone
                  | plates. (SH +4) [potion of mutation]
 15253 | Lair:3   | Received a gift from Okawaru
 15836 | Lair:3   | Reached skill level 15 in Fighting
 16973 | Lair:4   | Found a staircase to the Shoals.
 17648 | Lair:4   | Found a hole to the Spider Nest.
 19103 | Lair:5   | Gained mutation: Your large and strong wings let you fly.
                  | [Gargoyle growth]
 19103 | Lair:5   | Reached XP level 14. HP: 67/99 MP: 24/24
 19149 | Lair:5   | Received a gift from Okawaru
 19266 | Lair:5   | Reached skill level 16 in Fighting
 19279 | Lair:5   | Found a runed translucent gate.
 19280 | Lair:5   | Found a runed translucent gate.
 19281 | Lair:5   | Found a runed translucent gate.
 19282 | Lair:5   | Noticed Capogack's ghost (journeyman MiFi)
 19450 | Lair:5   | Found a staircase to the Slime Pits.
 19806 | Lair:5   | Killed Capogack's ghost
 19862 | Lair:6   | Entered Level 6 of the Lair of Beasts
 20064 | Lair:6   | Got the Guide on Excruciating Dislocation
 20197 | Lair:6   | Received a gift from Okawaru
 20992 | Lair:6   | Reached skill level 17 in Fighting
 21851 | D:12     | Found Kilu's Weapon Shop.
 21852 | D:12     | Found Jabbuboz's Weapon Shoppe.
 21896 | D:12     | Found Liahufej's General Store.
 21922 | D:12     | Found a basalt altar of Yredelemnul.
 22062 | D:12     | Found a staircase to the Orcish Mines.
 22072 | D:12     | Identified the +3 buckler of Experimentation {rF+ Str+2}
                  | (Okawaru gifted it to you on level 12 of the Dungeon)
 22072 | D:12     | Received a gift from Okawaru
 22080 | D:12     | Reached skill level 1 in Invocations
 22080 | D:12     | Reached XP level 15. HP: 98/107 MP: 25/27
 22413 | D:12     | Found Wychown's Distillery.
 22853 | D:13     | Noticed Urug
 22860 | D:13     | Killed Urug
 23135 | D:13     | Noticed Frances
 23145 | D:13     | Killed Frances
 23545 | D:14     | Identified the +0 spear of Tenacity {freeze, rC++ Stlth+}
 23565 | D:14     | Noticed Azrael
 23576 | D:14     | Killed Azrael
 23589 | D:14     | Reached skill level 15 in Maces & Flails
 23956 | D:14     | Found a hazy altar of Hepliaklqana.
 23986 | D:14     | Found a gate to the Vaults.
 24152 | D:14     | Found a portal to a secret trove of treasure.
 24264 | D:12     | Bought a potion of haste for 130 gold pieces
 24307 | D:12     | Bought a potion of haste for 150 gold pieces
 24307 | D:12     | Bought a potion of haste for 150 gold pieces
 24518 | D:2      | Bought a potion of haste for 130 gold pieces
 24673 | Orc:1    | Entered Level 1 of the Orcish Mines
 24680 | Orc:1    | Received a gift from Okawaru
 24833 | Orc:1    | Found Juoc Sieg's General Store.
 24870 | Orc:1    | Bought 2 potions of heal wounds for 140 gold pieces
 25096 | Orc:2    | Entered Level 2 of the Orcish Mines
 25111 | Orc:2    | Found a staircase to the Elven Halls.
 25153 | Orc:2    | Noticed an orc warlord
 25254 | Orc:2    | Killed an orc warlord
 25483 | Orc:2    | Paralysed by an ogre mage for 4 turns
 25506 | Orc:2    | Reached skill level 18 in Fighting
 26133 | Orc:2    | Identified the +0 pair of boots of Valiance {rPois rN++
                  | Will++} (Okawaru gifted it to you on level 2 of the Orcish
                  | Mines)
 26133 | Orc:2    | Received a gift from Okawaru
 26151 | Orc:2    | Reached XP level 16. HP: 114/114 MP: 28/28
 26672 | Orc:2    | Found Eho Poz's Distillery.
 26675 | Orc:2    | Found Afoesakh's Antique Weapon Boutique.
 26676 | Orc:2    | Found Max Ria's Armour Shop.
 26677 | Orc:2    | Found Ysoysmosu's Book Shop.
 27107 | D:15     | Entered Level 15 of the Dungeon
 27277 | D:15     | Noticed Jorgrun
 27294 | D:15     | Killed Jorgrun
 27593 | D:15     | Noticed Louise
 27604 | D:15     | Killed Louise
 27672 | D:15     | Reached skill level 5 in Invocations
 27990 | D:15     | Found a staircase to the Depths.
 28251 | Shoals:1 | Entered Level 1 of the Shoals
 28313 | Shoals:1 | Identified the +0 helmet of Qazlal {rElec}
 28915 | Shoals:1 | Received a gift from Okawaru
 29574 | Shoals:2 | Noticed Ilsuiw
 30532 | Shoals:2 | Reached skill level 19 in Fighting
 30537 | Shoals:2 | Reached XP level 17. HP: 87/122 MP: 30/30
 30552 | Shoals:2 | Killed Ilsuiw
 31057 | D:14     | You paid a toll of 7 potions of haste to enter a treasure
                  | trove
 31058 | Trove    | Entered a treasure trove
 31087 | Trove    | Identified the ring "Maivan" {rN+ Int+5}
 31089 | Trove    | Identified the ring "Hapryrpho" {rC+ Will+}
 31107 | Trove    | Found the +3 Mad Mage's Maulers {Infuse+∞ RegenMP Int-3}
 31110 | Trove    | Identified the +1 plate armour of the New World {Drain
                  | rElec Str+8 Int+4}
 31445 | Shoals:3 | Identified the +4 ring mail of Good Intentions {Harm Drain
                  | Int+8 Stlth-} (Okawaru gifted it to you on level 3 of the
                  | Shoals)
 31445 | Shoals:3 | Received a gift from Okawaru
 31526 | Shoals:3 | Noticed Bai Suzhen
 31557 | Shoals:3 | Killed Bai Suzhen
 31558 | Shoals:3 | Reached skill level 10 in Shields
 31955 | Shoals:3 | Identified the amulet "Bocs" {Spirit Contam rN+ Dex+5}
 32173 | Shoals:3 | Noticed a kraken
 32184 | Shoals:3 | Killed a kraken
 32660 | Shoals:4 | Entered Level 4 of the Shoals
 33017 | Shoals:4 | Noticed Polyphemus
 33038 | Shoals:4 | Reached skill level 10 in Spellcasting
 33053 | Shoals:4 | Killed Polyphemus
 33840 | Shoals:4 | Received a gift from Okawaru
 34017 | Shoals:4 | Noticed Donald
 34349 | Shoals:3 | Killed Donald
 34874 | Shoals:4 | Noticed a kraken
 35757 | Shoals:4 | Noticed a sphinx
 35768 | Shoals:4 | Killed a sphinx
 35947 | Shoals:4 | Got the Guide on Dark Arts and the Blaze
 35977 | Shoals:4 | Got a barnacled rune of Zot
 36420 | Vaults:1 | Entered Level 1 of the Vaults
 36549 | Vaults:1 | Reached XP level 18. HP: 123/129 MP: 30/32
 36778 | Vaults:1 | Identified the +1 chain mail of the Gloaming {rF+ Str+4}
                  | (Okawaru gifted it to you on level 1 of the Vaults)
 36778 | Vaults:1 | Received a gift from Okawaru
 36784 | Vaults:1 | Reached skill level 20 in Fighting
 37795 | Vaults:1 | Found Tagiuwkepte's Jewellery Boutique.
 38410 | Vaults:1 | Reached skill level 15 in Armour
 38462 | Vaults:1 | HP: 3/131 [ironbound thunderhulk/bolt of lightning (21)]
 38469 | Vaults:1 | Killed from afar by an ironbound thunderhulk

Illustrated notes

Levels and vault maps discovered:
D:1:      saegor_arrival_simple_d, layout_basic,
          hellmonk_ecumenical_altar_run_dry, serial_shops,
          nicolae_shop_overgrown_old_shop, chequers_serial_rivers_room_a
D:2:      layout_loops_ring, serial_shops,
          nicolae_shop_temple_entry_statues_fountains
D:3:      layout_loops_ring, chequers_serial_rivers_micro_a, minmay_liquid_box
D:4:      layout_loops_cross, gup_sewer_entry_glass, small_statue_intersection,
          lemuel_flame_loot_1
D:5:      minmay_chambers_of_fours, layout_loops_ring,
          chequers_serial_rivers_room_a
D:6:      layout_rooms, nicolae_ru_sacrificial_ziggurat,
          minmay_temple_entry_gardened_gates, skrybe_limestone_x,
          corexii_item_surrounded_by_moat, uniq_edmund, uniq_prince_ribbit1,
          uniq_pikel
D:7:      layout_loops_ring
D:8:      layout_gridville
D:9:      nzn_winding_woodlands_medium [nzn_winding_woodlands_5x5_default,
          nzn_winding_woodlands_5x15_garden, nzn_winding_woodlands_5x5_cross,
          nzn_winding_woodlands_5x5_checkerboard,
          nzn_winding_woodlands_center_triple_pond,
          nzn_winding_woodlands_5x5_default, nzn_winding_woodlands_5x5_three,
          nzn_winding_woodlands_5x15_crooked,
          nzn_winding_woodlands_5x5_closed_star], layout_cave_pools,
          chequers_jeans
D:10:     layout_loops_ring, ebering_ghost_disaster_area
D:11:     layout_loops_ring, dpeg_lair_monsters, uniq_sonja, uniq_erica
D:12:     layout_layer_cave, zombieorc2_lemuel, serial_shops,
          nicolae_shop_waterfront, nicolae_square_shop,
          nicolae_shop_bloodbath_and_beyond, shop, yredelemnul_altar_generic
D:13:     layout_loops_ring, uniq_frances, uniq_urug
D:14:     layout_rooms, david_vaults_3, nzn_hepliaklqana_mist_gate,
          nicolae_trove_entry_diagonal, uniq_azrael
D:15:     grunt_enter_depths_hoard, layout_basic, uniq_louise, uniq_jorgrun
Temple:   mainiacjoe_temple_starburst
Lair:1:   layout_roguey, nicolae_lair_lindhole, uniq_nergalle
Lair:2:   cheibrodos_lair_river_kwai, layout_hall_layers,
          infiniplex_staircase_pool_2, serial_bayou_shore_a
Lair:3:   layout_layer_cave, chequers_serial_rivers_large_b, worms_lemuel
Lair:4:   beast_lair_carwin_large_1, layout_layer_cave,
          elwin_shoals_entry_rooms, spider_nest_entry_funnel_web
Lair:5:   layout_cave_shapes, minmay_slime_entry_oklob_open,
          gammafunk_ghost_hydra_chop
Lair:6:   evilmike_catoblepas_cave, layout_cave_pods, grunt_megastairs_1
Shoals:1: layout_shoals, st_sunken_huts
Shoals:2: layout_shoals, nicolae_shoals_circle_sea_wall, uniq_ilsuiw
Shoals:3: layout_shoals, nicolae_shoals_nymph_descending_staircase,
          uniq_bai_suzhen
Shoals:4: shoals_end_hellmonk_lost_city, uniq_donald, uniq_polyphemus
Orc:1:    layout_caves, serial_shops, nicolae_shop_statue_plus
Orc:2:    st_orc_pillars, layout_diamond_mine
Vaults:1: nicolae_vaults_little_ls, nicolae_vaults_statue_guard,
          nicolae_vaults_theta, ontoclasm_vaults_spin, hangedman_vaults_trim,
          hangedman_vaults_locks, hangedman_vaults_variations, v_misc_30,
          v_misc_30, nicolae_vaults_little_squares_3, nicolae_vaults_rhombus_5,
          nicolae_vaults_shelves_hall, vaults_mumra_chevron,
          ontoclasm_vaults_ring_square, layout_vaults_big_cross, serial_shops,
          nicolae_shop_behind_doors

Skill      XL: |  1  2  3  4  5  6  7  8  9 10 11 12 13 14 15 16 17 18 |
---------------+-------------------------------------------------------+-----
Fighting       | 4 5 6 8 10 11 13 14 15 17 18 19 20 | 20.6
Armour         | 4 5 6 7 8 9 10 11 12 13 14 15 | 15.0
Shields        | 4 5 6 7 8 9 10 11 | 11.5
Maces & Flails | 3 4 5 6 8 10 11 13 14 15 16 17 18 | 18.1
Spellcasting   | 2 4 5 7 8 9 10 | 10.4
Invocations    | 1 4 6 7 |  7.7

Action                   |  1- 3 |  4- 6 |  7- 9 | 10-12 | 13-15 | 16-18 || total
-------------------------+-------+-------+-------+-------+-------+-------++-------
Melee: Flail             |   111 |    25 |       |       |       |       ||   136
       Whip              |       |   307 |    10 |       |       |       ||   317
       Headbutt          |       |     3 |    41 |    90 |   263 |   328 ||   725
       Eveningstar       |       |       |   190 |   302 |  1141 |  1180 ||  2813
Invok: Heroism           |       |       |       |    10 |    13 |    27 ||    50
       Finesse           |       |       |       |       |       |     1 ||     1
  Use: Potion            |       |     1 |     1 |     4 |     2 |     9 ||    17
       Scroll            |       |       |     6 |    16 |     9 |     3 ||    34
 Stab: Petrified         |       |       |       |       |     4 |     4 ||     8
Armor: Scale mail        |    73 |   125 |   151 |   305 |   239 |       ||   893
       Chain mail        |       |       |       |       |   529 |   350 ||   879
       Plate armour      |       |       |       |       |       |   460 ||   460
Dodge: Dodged            |    55 |   120 |   118 |   210 |   389 |   350 ||  1242
Block: Buckler           |    26 |    53 |    33 |       |   307 |   909 ||  1328
       Orb               |       |       |       |       |   110 |       ||   110
       Other             |       |       |       |       |     5 |       ||     5

Table legend: (Time is in decaauts)
 A = Elapsed time spent in this place.
 B = Non-inter-level travel time spent in this place.
 C = Inter-level travel time spent in this place.
 D = Time resting spent in this place.
 E = Time spent auto-exploring this place.
 F = Levels seen in this place.
 G = Mean time per level.
                   A        B        C        D        E       F      G
               +--------+--------+--------+--------+--------+-----+--------+
         Total |  38212 |  34464 |   3748 |   7084 |  21477 |  31 | 1232.6 |
       Dungeon |  16530 |  14416 |   2114 |   1925 |  10303 |  15 | 1102.0 |
        Temple |    227 |    172 |     55 |      0 |    169 |   1 |  227.0 |
          Lair |   9391 |   8541 |    850 |   1508 |   5891 |   6 | 1565.2 |
        Shoals |   7261 |   6634 |    627 |   2879 |   2503 |   4 | 1815.2 |
  Orcish Mines |   1988 |   1895 |     93 |    420 |    872 |   2 |  994.0 |
        Vaults |   1970 |   1963 |      7 |    352 |   1244 |   1 | 1970.0 |
         Trove |    127 |    127 |      0 |      0 |     19 |   1 |  127.0 |
         Sewer |    715 |    715 |      0 |      0 |    476 |   1 |  715.0 |
               +--------+--------+--------+--------+--------+-----+--------+

Top non-repeatable levels by time:
Shoals:3: 2875 daAuts
  Lair:4: 2219 daAuts
Vaults:1: 1970 daAuts
Shoals:4: 1876 daAuts
     D:9: 1869 daAuts
  Lair:1: 1784 daAuts
  Lair:3: 1711 daAuts
   Orc:2: 1577 daAuts
    D:12: 1452 daAuts
     D:4: 1341 daAuts
Shoals:1: 1312 daAuts
    D:10: 1304 daAuts
  Lair:6: 1256 daAuts
  Lair:2: 1246 daAuts
     D:1: 1227 daAuts
